 Dungeon Sprint DCSS version 0.31.0-12-g77e489cdc1 (webtiles) character file.

Game seed: 9511446229346547309

650 Heoruswealwe the Spear-Bearer (level 7, -4/72 HPs)
             Began as a Minotaur Fighter on Feb 21, 2024.
             Was an Initiate of Gozag.
             Slain by a boulder beetle (6 damage)
             ... in the Dungeon (Sprint IX: "|||||||||||||||||||||||||||||").
             The game lasted 00:01:45 (133 turns).

Heoruswealwe the Spear-Bearer (Minotaur Fighter)     Turns: 133, Time: 00:01:46

Health: -4/72      AC:  8    Str: 22    XL:     7   Next: 28%
Magic:  6/6        EV:  9    Int:  5    God:    Gozag
Gold:   45         SH:  4    Dex: 10    Spells: 6/6 levels left

rFire   . . .        a - +0 trident
rCold   . . .        d - +0 buckler
rNeg    . . .        c - +0 scale mail
rPois   .            (helmet restricted)
rElec   .            (no cloak)
rCorr   .            (no gloves)
SInv    .            (no boots)
Will    .....        (no amulet) Stlth
                     (no ring)
HPRegen 0.32/turn    (no ring)
MPRegen 0.10/turn

%: no teleportation
@: lethally poisoned (-4 -> -5)
A: horns 2, retaliatory headbutt
a: Renounce Religion, Potion Petition, Call Merchant, Bribe Branch


You were in the Dungeon.
You worshipped Gozag.
Gozag was noncommittal.
You visited 1 branch You collected 45 gold pieces.

Inventory:

Hand Weapons
 a - a +0 trident (weapon)
Armour
 c - a +0 scale mail (worn)
 d - a +0 buckler (worn)
Jewellery
 k - a +3 ring of strength
 l - a +2 ring of evasion
Wands
 h - a wand of light (10)
Scrolls
 j - 2 scrolls of blinking
Potions
 b - a potion of might
 e - 5 potions of curing
 f - 2 potions of heal wounds
 g - a potion of haste
 i - a potion of berserk rage


   Skills:
 + Level 10.2 Fighting
 * Level 13.4 Polearms
 + Level 10.2 Armour
 - Level 3.6 Shields


You had 6 spell levels left.
You didn't know any spells.
Your spell library was empty.

Dungeon Overview and Level Annotations

Branches:
Dungeon (1/1)

Altars:
Cheibriados
Dithmenos
Elyvilon
Fedhas
Gozag
Hepliaklqana
Kikubaaqudgha
Makhleb
Nemelex Xobeh
Okawaru
Qazlal
Ru
Sif Muna
Trog
Uskayaw
Vehumet
Wu Jian
Xom
Yredelemnul
Zin
The Shining One
Jiyva
Lugonu


Innate Abilities, Weirdness & Mutations

You have a pair of horns on your head.
You reflexively headbutt those who attack you in melee.


Message History

The gnoll sergeant is heavily wounded.
You feel sick.
The gnoll sergeant hits you but does no damage.
You are more poisoned.
You hit the gnoll sergeant but do no damage.
The gnoll sergeant is heavily wounded.
You feel very sick.
The gnoll sergeant hits you with a +0 spear of venom.
* * * LOW HITPOINT WARNING * * *
You hit the gnoll sergeant but do no damage.
Your headbutt misses the gnoll sergeant.
The gnoll sergeant is heavily wounded.
* * * LOW HITPOINT WARNING * * *
You feel sick. The gnoll sergeant misses you.
You puncture the gnoll sergeant!
You kill the gnoll sergeant!
* * * LOW HITPOINT WARNING * * *
You feel sick.
* * * LOW HITPOINT WARNING * * *
You feel sick.
You now have 45 gold pieces.
Things that are here:
a +0 spear of venom; a +0 scale mail; a +0 buckler
* * * LOW HITPOINT WARNING * * *
You feel sick.
* * * LOW HITPOINT WARNING * * *
You feel sick.
* * * LOW HITPOINT WARNING * * *
You feel sick.
You open the door.
A centaur warrior, a five-headed hydra, 2 gargoyles, a cyclops and a boulder beetle come into view.
* * * LOW HITPOINT WARNING * * *
You feel sick.
The five-headed hydra roars!
The cyclops shouts!
You puncture the boulder beetle!
The boulder beetle is lightly wounded.
* * * LOW HITPOINT WARNING * * *
You feel sick. The boulder beetle bites you.
You die...
Your body crumbles into a pile of gold.

▓9▓
▓c▓
▓9▓
▓D▓
▓C▓
▓.▓
▓B▓
▓@▓
▓.▓
▓)▓
▓$▓
▓$▓
▓$▓
▓'▓
▓.▓
▓.▓


You could see a boulder beetle, a five-headed hydra, a centaur warrior, a
cyclops and 2 gargoyles.

Vanquished Creatures
  A yak (D)
  A shadow (D)
  An ogre (D)
  2 gnoll sergeants (D)
  A howler monkey (D)
  A hound (D)
  An orc priest (D)
  A jelly (D)
  An orc wizard (D)
  An adder (D)
  2 bats (D)
  A hobgoblin (D)
  A ball python (D)
  A rat (D)
16 creatures vanquished.

Notes
Turn   | Place    | Note
-------+----------+-------------------------------------------
     0 | D        | Heoruswealwe the Minotaur Fighter began the quest for the
                  | Orb.
     0 | D        | Reached XP level 1. HP: 19/19 MP: 0/0
     8 | D        | Reached skill level 3 in Polearms
    20 | D        | Noticed an ogre
    20 | D        | Noticed a hound
    20 | D        | Noticed a jelly
    20 | D        | Noticed a howler monkey
    24 | D        | Killed a howler monkey
    25 | D        | Reached skill level 5 in Fighting
    25 | D        | Reached skill level 6 in Polearms
    25 | D        | Reached skill level 5 in Armour
    25 | D        | Reached XP level 2. HP: 25/29 MP: 1/1
    25 | D        | Reached XP level 3. HP: 31/36 MP: 2/2
    27 | D        | Reached skill level 7 in Polearms
    27 | D        | Reached XP level 4. HP: 33/44 MP: 3/3
    36 | D        | Reached skill level 8 in Polearms
    43 | D        | Killed an ogre
    44 | D        | Reached skill level 9 in Polearms
    44 | D        | Reached XP level 5. HP: 36/53 MP: 4/4
    50 | D        | Found a snail-covered altar of Cheibriados.
    50 | D        | Found a shadowy altar of Dithmenos.
    50 | D        | Found a white marble altar of Elyvilon.
    50 | D        | Found a blossoming altar of Fedhas.
    50 | D        | Found an opulent altar of Gozag.
    51 | D        | Found a hazy altar of Hepliaklqana.
    52 | D        | Found a viscous altar of Jiyva.
    53 | D        | Found an ancient bone altar of Kikubaaqudgha.
    54 | D        | Found a corrupted altar of Lugonu.
    55 | D        | Found a burning altar of Makhleb.
    56 | D        | Found a sparkling altar of Nemelex Xobeh.
    57 | D        | Found an iron altar of Okawaru.
    58 | D        | Became a worshipper of Gozag Ym Sagoz the Greedy
    59 | D        | Found a stormy altar of Qazlal.
    60 | D        | Found a sacrificial altar of Ru.
    61 | D        | Found a shimmering blue altar of Sif Muna.
    62 | D        | Found a bloodstained altar of Trog.
    63 | D        | Found a hide-covered altar of Uskayaw.
    64 | D        | Found a radiant altar of Vehumet.
    65 | D        | Found an ornate altar of the Wu Jian Council.
    66 | D        | Found a shimmering altar of Xom.
    67 | D        | Found a basalt altar of Yredelemnul.
    68 | D        | Found a glowing silver altar of Zin.
    69 | D        | Found a glowing golden altar of the Shining One.
    94 | D        | Noticed a yak
    94 | D        | Noticed a shadow
   103 | D        | Reached skill level 10 in Polearms
   106 | D        | Killed a shadow
   107 | D        | Reached skill level 12 in Polearms
   107 | D        | Reached XP level 6. HP: 32/63 MP: 5/5
   116 | D        | Killed a yak
   117 | D        | Reached skill level 13 in Polearms
   117 | D        | Reached XP level 7. HP: 37/71 MP: 6/6
   119 | D        | Reached skill level 10 in Fighting
   119 | D        | Reached skill level 10 in Armour
   132 | D        | Noticed a gargoyle
   132 | D        | Noticed a centaur warrior
   132 | D        | Noticed a five-headed hydra
   132 | D        | Noticed a gargoyle
   132 | D        | Noticed a cyclops
   132 | D        | Noticed a boulder beetle
   132 | D        | HP: 3/72 [poisoned by a gnoll sergeant]
   133 | D        | Slain by a boulder beetle

Illustrated notes

Levels and vault maps discovered:
D:        linesprint [early_d, line_temple, items_1, d_10, items_2, lair_1,
          lair_end, items_3, orc_1, orc_end, items_4, d_15, swamp_1, shoals_1,
          snake_1, spider_1, d_20, vaults_1, items_5, swamp_end, shoals_end,
          snake_end, spider_end, vaults_end, d_27, items_6, zot_1, zot_end,
          crypt_end, forest_end, elf_end, slime_end, tomb_end, abyss_end,
          pan_hell_end]

Skill      XL: |  1  2  3  4  5  6  7 |
---------------+----------------------+-----
Polearms       | 6 7 9 12 13 | 13.4
Fighting       | 5 7 9 10 | 10.2
Armour         | 5 7 9 10 | 10.2
Shields        | |  3.6

Action                     |  1- 3 |  4- 6 |  7- 9 || total
---------------------------+-------+-------+-------++-------
  Melee: Trident           |    16 |    36 |    10 ||    62
         Headbutt          |     3 |     7 |     1 ||    11
    Use: Potion            |       |     1 |       ||     1
 Armour: Scale mail        |     6 |    15 |     6 ||    27
  Dodge: Dodged            |     9 |     6 |     3 ||    18
  Block: Buckler           |     3 |     7 |       ||    10
